Workbook

Sheet Invulinstructies
A1: Bijlage 5 - Prijzenblad
A3: Aanbesteding: Gebouwinspecties NEN 2767
A4: Gemeente 's-Hertogenbosch
A5: Kenmerk: TN532988
A8: Dit ingevulde prijsformulier maakt onderdeel uit van de inschrijvingsdocumenten. Door indienen van dit prijsformulier verklaart de inschrijver een inschrijving te doen conform de uitvraag “Gebouwinspecties NEN 2767”, inclusief de bijbehorende nota van inlichtingen (indien van toepassing).
A10: Ten behoeve van de prijsopgave wordt van de volgende randvoorwaarden uitgegaan:
A11: - Alle tarieven zijn in euro en exclusief BTW.
A12: - Uurtarieven zijn inclusief alle bijkomende bedrijfskosten, verzekeringen, reiskosten en kosten voor administratieve en ondersteunende werkzaamheden.
A13: - Uurtarieven gelden voor reguliere werktijden (ma t/m vrij van 6.00 - 18.00 uur).
A14: - Netto materiaal en materieelkosten worden als separaat bedrag in toekomstige offertes opgenomen.
A16: - U dient alle blauwgekleurde velden in te vullen.
A17: - Indien u een veld niet heeft ingevuld dan betekent dit automatisch dat hier €0,00 staat.
... A26: De score wordt op basis van de totale kosten zoals opgeteld in Cel N30. Hierbij geldt dat de inschrijver met de laagste totale kosten 40 punten krijgt. Voor de overige inschrijvers worden de punten berekend conform de formule in het Beschrijvend Document

Sheet Eenheidstarieven
A1: Eenheidstarieven
H3: WTB 1 (Klein)
A5: Uurtarieven per functie | B5: Uurtarief | C5: Minimaal uurtarief | D5: Maximaal uurtarief | E5: Maxmaal aantal punten | F5: Behaalde aantal punten
A6: Integraal Inspecteur Vastgoed Bouwkunde en beperkte installaties | B6: 0 | C6: 70 | D6: 135 | E6: 25 | F6: =IF(B6<C6,"Te laag",IF(B6>D6,"Te hoog",(D6-B6)/(D6-C6)*E6)) -> Te laag
A7: Integraal Inspecteur Vastgoed Installaties | B7: 0 | C7: 75 | D7: 140 | E7: 25 | F7: =IF(B7<C7,"Te laag",IF(B7>D7,"Te hoog",(D7-B7)/(D7-C7)*E7)) -> Te laag
A8: Integraal Inspecteur/Adviseur Monumenten | B8: 0 | C8: 75 | D8: 150 | E8: 15 | F8: =IF(B8<C8,"Te laag",IF(B8>D8,"Te hoog",(D8-B8)/(D8-C8)*E8)) -> Te laag
E10: Totaal behaalde score | F10: =SUM(F6:F8) -> 0

Sheet Urenbesteding per inspectie
B1: Bijlage XX: Invulformulier urenbesteding
B3: Urenbesteding per inspectie
B4: In onderstaande tabel geeft Inschrijver inzicht in de tijdsbesteding per onderdeel Onderstaande lijst is een beperkte selectie van de te inspecteren assets. - Per functie dient de tijdsbesteding ingevuld te worden voor het uitvoeren van één keer het aangegeven onderdeel. - Tijdsbesteding is inclusief voorbereiding, intakegesprek, reistijd, algemene kosten en rapportage en verwerken in Planon met MCA. - Kolom A geeft een fictieve hoeveelheid van de aanwezige assets.
E5: functie 1 | H5: functie 2 | K5: functie 3 | N5: totaal
A6: Aantal | B6: Onderdeel | E6: uren | F6: functie | G6: bedrag | H6: uren | I6: functie | J6: bedrag | K6: uren | L6: functie | M6: bedrag | N6: bedrag
A7: 40 | B7: Uitvoeren inspectie tot 500m2 | C7: Herinspectie | D7: Object zonder GBS | G7: =IFERROR( INDEX(Eenheidstarieven!$B$6:$B$8, MATCH('Urenbesteding per inspectie'!F7,Eenheidstarieven!$A$6:$A$8,0)) * E7,0) -> 0 | J7: =IFERROR( INDEX(Eenheidstarieven!$B$6:$B$8, MATCH('Urenbesteding per inspectie'!I7,Eenheidstarieven!$A$6:$A$8,0)) * H7,0) -> 0 | M7: =IFERROR( INDEX(Eenheidstarieven!$B$6:$B$8, MATCH('Urenbesteding per inspectie'!L7,Eenheidstarieven!$A$6:$A$8,0)) * K7,0) -> 0 | N7: =A7*(G7+J7+M7) -> 0
A8: 20 | B8: Uitvoeren inspectie extra 500m2 | C8: Herinspectie | D8: Object zonder GBS | G8: =IFERROR( INDEX(Eenheidstarieven!$B$6:$B$8, MATCH('Urenbesteding per inspectie'!F8,Eenheidstarieven!$A$6:$A$8,0)) * E8,0) -> 0 | J8: =IFERROR( INDEX(Eenheidstarieven!$B$6:$B$8, MATCH('Urenbesteding per inspectie'!I8,Eenheidstarieven!$A$6:$A$8,0)) * H8,0) -> 0 | M8: =IFERROR( INDEX(Eenheidstarieven!$B$6:$B$8, MATCH('Urenbesteding per inspectie'!L8,Eenheidstarieven!$A$6:$A$8,0)) * K8,0) -> 0 | N8: =A8*(G8+J8+M8) -> 0
A9: 80 | B9: Uitvoeren inspectie tot 500m2 | C9: Herinspectie | D9: Object met GBS | G9: =IFERROR( INDEX(Eenheidstarieven!$B$6:$B$8, MATCH('Urenbesteding per inspectie'!F9,Eenheidstarieven!$A$6:$A$8,0)) * E9,0) -> 0 | J9: =IFERROR( INDEX(Eenheidstarieven!$B$6:$B$8, MATCH('Urenbesteding per inspectie'!I9,Eenheidstarieven!$A$6:$A$8,0)) * H9,0) -> 0 | M9: =IFERROR( INDEX(Eenheidstarieven!$B$6:$B$8, MATCH('Urenbesteding per inspectie'!L9,Eenheidstarieven!$A$6:$A$8,0)) * K9,0) -> 0 | N9: =A9*(G9+J9+M9) -> 0
A10: 40 | B10: Uitvoeren inspectie extra 500m2 | C10: Herinspectie | D10: Object met GBS | G10: =IFERROR( INDEX(Eenheidstarieven!$B$6:$B$8, MATCH('Urenbesteding per inspectie'!F10,Eenheidstarieven!$A$6:$A$8,0)) * E10,0) -> 0 | J10: =IFERROR( INDEX(Eenheidstarieven!$B$6:$B$8, MATCH('Urenbesteding per inspectie'!I10,Eenheidstarieven!$A$6:$A$8,0)) * H10,0) -> 0 | M10: =IFERROR( INDEX(Eenheidstarieven!$B$6:$B$8, MATCH('Urenbesteding per inspectie'!L10,Eenheidstarieven!$A$6:$A$8,0)) * K10,0) -> 0 | N10: =A10*(G10+J10+M10) -> 0
A11: 40 | B11: Uitvoeren inspectie tot 500m2 | C11: Herinspectie | D11: Monument zonder GBS | G11: =IFERROR( INDEX(Eenheidstarieven!$B$6:$B$8, MATCH('Urenbesteding per inspectie'!F11,Eenheidstarieven!$A$6:$A$8,0)) * E11,0) -> 0 | J11: =IFERROR( INDEX(Eenheidstarieven!$B$6:$B$8, MATCH('Urenbesteding per inspectie'!I11,Eenheidstarieven!$A$6:$A$8,0)) * H11,0) -> 0 | M11: =IFERROR( INDEX(Eenheidstarieven!$B$6:$B$8, MATCH('Urenbesteding per inspectie'!L11,Eenheidstarieven!$A$6:$A$8,0)) * K11,0) -> 0 | N11: =A11*(G11+J11+M11) -> 0
A12: 20 | B12: Uitvoeren inspectie extra 500m2 | C12: Herinspectie | D12: Monument zonder GBS | G12: =IFERROR( INDEX(Eenheidstarieven!$B$6:$B$8, MATCH('Urenbesteding per inspectie'!F12,Eenheidstarieven!$A$6:$A$8,0)) * E12,0) -> 0 | J12: =IFERROR( INDEX(Eenheidstarieven!$B$6:$B$8, MATCH('Urenbesteding per inspectie'!I12,Eenheidstarieven!$A$6:$A$8,0)) * H12,0) -> 0 | M12: =IFERROR( INDEX(Eenheidstarieven!$B$6:$B$8, MATCH('Urenbesteding per inspectie'!L12,Eenheidstarieven!$A$6:$A$8,0)) * K12,0) -> 0 | N12: =A12*(G12+J12+M12) -> 0
A13: 40 | B13: Uitvoeren inspectie tot 500m2 | C13: Herinspectie | D13: Monument met GBS | G13: =IFERROR( INDEX(Eenheidstarieven!$B$6:$B$8, MATCH('Urenbesteding per inspectie'!F13,Eenheidstarieven!$A$6:$A$8,0)) * E13,0) -> 0 | J13: =IFERROR( INDEX(Eenheidstarieven!$B$6:$B$8, MATCH('Urenbesteding per inspectie'!I13,Eenheidstarieven!$A$6:$A$8,0)) * H13,0) -> 0 | M13: =IFERROR( INDEX(Eenheidstarieven!$B$6:$B$8, MATCH('Urenbesteding per inspectie'!L13,Eenheidstarieven!$A$6:$A$8,0)) * K13,0) -> 0 | N13: =A13*(G13+J13+M13) -> 0
A14: 20 | B14: Uitvoeren inspectie extra 500m2 | C14: Herinspectie | D14: Monument met GBS | G14: =IFERROR( INDEX(Eenheidstarieven!$B$6:$B$8, MATCH('Urenbesteding per inspectie'!F14,Eenheidstarieven!$A$6:$A$8,0)) * E14,0) -> 0 | J14: =IFERROR( INDEX(Eenheidstarieven!$B$6:$B$8, MATCH('Urenbesteding per inspectie'!I14,Eenheidstarieven!$A$6:$A$8,0)) * H14,0) -> 0 | M14: =IFERROR( INDEX(Eenheidstarieven!$B$6:$B$8, MATCH('Urenbesteding per inspectie'!L14,Eenheidstarieven!$A$6:$A$8,0)) * K14,0) -> 0 | N14: =A14*(G14+J14+M14) -> 0
A16: 40 | B16: Uitvoeren inspectie tot 500m2 | C16: Nieuwe opname | D16: Object zonder GBS | G16: =IFERROR( INDEX(Eenheidstarieven!$B$6:$B$8, MATCH('Urenbesteding per inspectie'!F16,Eenheidstarieven!$A$6:$A$8,0)) * E16,0) -> 0 | J16: =IFERROR( INDEX(Eenheidstarieven!$B$6:$B$8, MATCH('Urenbesteding per inspectie'!I16,Eenheidstarieven!$A$6:$A$8,0)) * H16,0) -> 0 | M16: =IFERROR( INDEX(Eenheidstarieven!$B$6:$B$8, MATCH('Urenbesteding per inspectie'!L16,Eenheidstarieven!$A$6:$A$8,0)) * K16,0) -> 0 | N16: =A16*(G16+J16+M16) -> 0
A17: 20 | B17: Uitvoeren inspectie extra 500m2 | C17: Nieuwe opname | D17: Object zonder GBS | G17: =IFERROR( INDEX(Eenheidstarieven!$B$6:$B$8, MATCH('Urenbesteding per inspectie'!F17,Eenheidstarieven!$A$6:$A$8,0)) * E17,0) -> 0 | J17: =IFERROR( INDEX(Eenheidstarieven!$B$6:$B$8, MATCH('Urenbesteding per inspectie'!I17,Eenheidstarieven!$A$6:$A$8,0)) * H17,0) -> 0 | M17: =IFERROR( INDEX(Eenheidstarieven!$B$6:$B$8, MATCH('Urenbesteding per inspectie'!L17,Eenheidstarieven!$A$6:$A$8,0)) * K17,0) -> 0 | N17: =A17*(G17+J17+M17) -> 0
A18: 80 | B18: Uitvoeren inspectie tot 500m2 | C18: Nieuwe opname | D18: Object met GBS | G18: =IFERROR( INDEX(Eenheidstarieven!$B$6:$B$8, MATCH('Urenbesteding per inspectie'!F18,Eenheidstarieven!$A$6:$A$8,0)) * E18,0) -> 0 | J18: =IFERROR( INDEX(Eenheidstarieven!$B$6:$B$8, MATCH('Urenbesteding per inspectie'!I18,Eenheidstarieven!$A$6:$A$8,0)) * H18,0) -> 0 | M18: =IFERROR( INDEX(Eenheidstarieven!$B$6:$B$8, MATCH('Urenbesteding per inspectie'!L18,Eenheidstarieven!$A$6:$A$8,0)) * K18,0) -> 0 | N18: =A18*(G18+J18+M18) -> 0
A19: 40 | B19: Uitvoeren inspectie extra 500m2 | C19: Nieuwe opname | D19: Object met GBS | G19: =IFERROR( INDEX(Eenheidstarieven!$B$6:$B$8, MATCH('Urenbesteding per inspectie'!F19,Eenheidstarieven!$A$6:$A$8,0)) * E19,0) -> 0 | J19: =IFERROR( INDEX(Eenheidstarieven!$B$6:$B$8, MATCH('Urenbesteding per inspectie'!I19,Eenheidstarieven!$A$6:$A$8,0)) * H19,0) -> 0 | M19: =IFERROR( INDEX(Eenheidstarieven!$B$6:$B$8, MATCH('Urenbesteding per inspectie'!L19,Eenheidstarieven!$A$6:$A$8,0)) * K19,0) -> 0 | N19: =A19*(G19+J19+M19) -> 0
... A23: 20 | B23: Uitvoeren inspectie extra 500m2 | C23: Nieuwe opname | D23: Monument met GBS | G23: =IFERROR( INDEX(Eenheidstarieven!$B$6:$B$8, MATCH('Urenbesteding per inspectie'!F23,Eenheidstarieven!$A$6:$A$8,0)) * E23,0) -> 0 | J23: =IFERROR( INDEX(Eenheidstarieven!$B$6:$B$8, MATCH('Urenbesteding per inspectie'!I23,Eenheidstarieven!$A$6:$A$8,0)) * H23,0) -> 0 | M23: =IFERROR( INDEX(Eenheidstarieven!$B$6:$B$8, MATCH('Urenbesteding per inspectie'!L23,Eenheidstarieven!$A$6:$A$8,0)) * K23,0) -> 0 | N23: =A23*(G23+J23+M23) -> 0
A25: 30 | B25: Opstellen gebrekenlijst bij overdracht gebouw tot 500m2 | G25: =IFERROR( INDEX(Eenheidstarieven!$B$6:$B$8, MATCH('Urenbesteding per inspectie'!F25,Eenheidstarieven!$A$6:$A$8,0)) * E25,0) -> 0 | J25: =IFERROR( INDEX(Eenheidstarieven!$B$6:$B$8, MATCH('Urenbesteding per inspectie'!I25,Eenheidstarieven!$A$6:$A$8,0)) * H25,0) -> 0 | M25: =IFERROR( INDEX(Eenheidstarieven!$B$6:$B$8, MATCH('Urenbesteding per inspectie'!L25,Eenheidstarieven!$A$6:$A$8,0)) * K25,0) -> 0 | N25: =A25*(G25+J25+M25) -> 0
A26: 25 | B26: Opstellen gebrekenlijst bij overdracht gebouw extra 500m2 | G26: =IFERROR( INDEX(Eenheidstarieven!$B$6:$B$8, MATCH('Urenbesteding per inspectie'!F26,Eenheidstarieven!$A$6:$A$8,0)) * E26,0) -> 0 | J26: =IFERROR( INDEX(Eenheidstarieven!$B$6:$B$8, MATCH('Urenbesteding per inspectie'!I26,Eenheidstarieven!$A$6:$A$8,0)) * H26,0) -> 0 | M26: =IFERROR( INDEX(Eenheidstarieven!$B$6:$B$8, MATCH('Urenbesteding per inspectie'!L26,Eenheidstarieven!$A$6:$A$8,0)) * K26,0) -> 0 | N26: =A26*(G26+J26+M26) -> 0
A27: 25 | B27: uitwerken schematische tekeningen | G27: =IFERROR( INDEX(Eenheidstarieven!$B$6:$B$8, MATCH('Urenbesteding per inspectie'!F27,Eenheidstarieven!$A$6:$A$8,0)) * E27,0) -> 0 | J27: =IFERROR( INDEX(Eenheidstarieven!$B$6:$B$8, MATCH('Urenbesteding per inspectie'!I27,Eenheidstarieven!$A$6:$A$8,0)) * H27,0) -> 0 | M27: =IFERROR( INDEX(Eenheidstarieven!$B$6:$B$8, MATCH('Urenbesteding per inspectie'!L27,Eenheidstarieven!$A$6:$A$8,0)) * K27,0) -> 0 | N27: =A27*(G27+J27+M27) -> 0
M30: Totale kosten Onderhoud | N30: =SUM(N7:N28) -> 0
